 Dungeon Crawl Stone Soup version 0.32-a0-868-g153ae1a8d6 (webtiles) character file.

Game seed: 12100112037092276227

247 GoldenjunoSP the Cudgeller (level 5, -7/46 HPs)
             Began as a Mountain Dwarf Monk on Mar 28, 2024.
             Was a Priest of Dithmenos.
             Mangled by an ogre
             ... wielding a +0 giant club
              (20 damage)
             ... on level 5 of the Dungeon.
             The game lasted 00:14:14 (3617 turns).

GoldenjunoSP the Cudgeller (Mountain Dwarf Monk)    Turns: 3617, Time: 00:14:14

Health: -7/46      AC: 11    Str: 16    XL:     5   Next: 85%
Magic:  5/5        EV:  7    Int: 10    God:    Dithmenos [***...]
Gold:   214        SH:  0    Dex: 12    Spells: 4/4 levels left

rFire   . . .        a - +0 mace
rCold   . . .        (no shield)
rNeg    . . .        e - +0 chain mail
rPois   .            i - +1 hat
rElec   .            (no cloak)
rCorr   .            (no gloves)
SInv    .            m - +0 pair of boots
Will    .....        (no amulet) Stlth
                     (no ring)
HPRegen 0.27/turn    (no ring)
MPRegen 0.09/turn

%: no passive effects
@: confused, ambrosia-drunk, wreathed by umbra
A: runic magic, artefact enchanting
a: Renounce Religion, Shadow Step


You were on level 5 of the Dungeon.
You worshipped Dithmenos.
Dithmenos was most pleased with you.
You visited 1 branch of the dungeon, and saw 5 of its levels.

You collected 214 gold pieces.

Inventory:

Hand Weapons
 a - a +0 mace (weapon)
Armour
 b - a +0 robe
 d - an orb of light
 e - a +0 chain mail (worn)
 i - a +1 hat (worn)
 m - a +0 pair of boots (worn)
Scrolls
 f - a scroll of silence
 g - a scroll of enchant weapon {unknown}
 h - 2 scrolls of teleportation
 l - 2 scrolls of vulnerability
 n - a scroll of identify
Potions
 j - a potion of cancellation
 k - a potion of invisibility


   Skills:
 + Level 4.2 Fighting
 + Level 5.8 Maces & Flails
 + Level 2.6 Armour
 + Level 2.7 Dodging
 + Level 0.7 Stealth


You had 4 spell levels left.
You didn't know any spells.
Your spell library contained the following spells:

 Spells                   Type           Power      Damage    Failure   Level
 Apportation              Tloc           0%         N/A       56%         1
 Necrotise                Necr           0%         1d4       56%         1
 Slow                     Hex            0%         N/A       56%         1
 Sting                    Conj/Alch      0%         1d3       56%         1
 Summon Small Mammal      Summ           0%         N/A       56%         1
 Confusing Touch          Hex            0%         N/A       91%         3
 Vampiric Draining        Necr           0%         2d6       91%         3


Dungeon Overview and Level Annotations

Branches:
Dungeon (5/15)
 Temple: D:4-7

Altars:
Dithmenos
Ru

Shops:
D:2 [


Innate Abilities, Weirdness & Mutations

Your spellcasting is much less encumbered by armour.
You can use scrolls of enchantment on lesser artefacts.


Message History

The iguana is lightly wounded.
The iguana closely misses you.
You hit the iguana.
The iguana is moderately wounded.
The iguana barely misses you.
You closely miss the iguana.
The iguana is moderately wounded.
The iguana bites you.
You sock the iguana!
The iguana is severely wounded.
The iguana bites you but does no damage.
You hit the iguana.
The iguana is almost dead.
The iguana bites you but does no damage.
You barely miss the iguana.
The iguana is almost dead.
The iguana bites you. The iguana bites you!
You sock the iguana!
You kill the iguana!
Dithmenos accepts your kill.
n - a scroll of identify HP restored.
An ogre comes into view. It is wielding a +0 giant club.
The ogre shouts!
You don't know any spells.
Okay, then.
The ogre attacks as it pursues you!
The ogre hits you with a +0 giant club!!
Ouch! That really hurt!
You emit a cloud of dark smoke.
You see here a scroll of silence.
Found a scale mail.
Found 16 gold pieces.
A phantom comes into view.
The ogre attacks as it pursues you! The ogre hits you with a +0 giant club!
* * * LOW HITPOINT WARNING * * *
You are confused.
You feel invigorated.
The ogre hits you with a +0 giant club!!
You die...

##.......########.........#<..##.
###.............................
####....######...#####...#.#..
#....# #...# #.....# .
..###....######.#######.....#
.'.........§§§§§§.......#.......
.##.###....######.......#......##
###########O......#......#
......$@.......#......#
#####..[....#.## #.#####.# # #.
## W #. #


You could see an ogre and a phantom.

Vanquished Creatures
  2 hounds (D:4)
  An orc priest (D:3)
  An iguana (D:5)
  5 adders
  2 dart slugs (D:1)
  3 ribbon worms
  5 orcs (D:3)
  7 bats
  12 endoplasms
  10 goblins
  3 hobgoblins
  5 jackals
  7 kobolds
  2 quokkas
  4 ball pythons
  4 frilled lizards
  7 rats
80 creatures vanquished.

Notes
Turn   | Place    | Note
-------+----------+-------------------------------------------
     0 | D:1      | GoldenjunoSP the Mountain Dwarf Monk began the quest for
                  | the Orb.
     0 | D:1      | Reached XP level 1. HP: 19/19 MP: 1/1
   147 | D:1      | Reached XP level 2. HP: 23/26 MP: 2/2
   270 | D:1      | Reached skill level 4 in Maces & Flails
   562 | D:1      | Reached XP level 3. HP: 33/33 MP: 3/3
  1343 | D:2      | Reached XP level 4. HP: 34/40 MP: 4/4
  1588 | D:2      | Found Kout's Armour Boutique.
  1784 | D:3      | Found a faded altar of an unknown god.
  1787 | D:3      | Prayed at the altar of an unknown god.
  1787 | D:3      | Became a worshipper of Dithmenos the Shadowed
  1787 | D:3      | Reached * piety under Dithmenos
  1787 | D:3      | Reached ** piety under Dithmenos
  1956 | D:3      | Reached skill level 5 in Maces & Flails
  1956 | D:3      | Reached skill level 1 in Armour
  2301 | D:3      | Reached *** piety under Dithmenos
  2362 | D:3      | Reached XP level 5. HP: 29/46 MP: 5/5
  2580 | D:3      | Found a sacrificial altar of Ru.
  3476 | D:5      | Entered Level 5 of the Dungeon
  3602 | D:5      | Noticed an ogre
  3616 | D:5      | Noticed a phantom
  3617 | D:5      | Mangled by an ogre

Illustrated notes

Levels and vault maps discovered:
D:1:      heliophobic_arrival_enchanted_forest, layout_loops_corners,
          amcnicky_mini_corridor_feature
D:2:      cheibrodos_old_hovel, layout_rooms, serial_shops, shop
D:3:      layout_basic, nicolae_ru_path_of_blood,
          hellmonk_ecumenical_altar_inner_sanctum
D:4:      layout_gridville
D:5:      lemuel_ratsnest, layout_basic, minmay_temple_entry_gardened_gates,
          kennysheep_windowed_goal

Skill      XL: |  1  2  3  4  5 |
---------------+----------------+-----
Maces & Flails | 4 5 |  5.8
Fighting       | 4 |  4.2
Armour         | 1 2 |  2.6
Dodging        | |  2.7
Stealth        | |  0.7

Action                     |  1- 3 |  4- 6 || total
---------------------------+-------+-------++-------
  Melee: Mace              |   108 |   161 ||   269
 Invoke: Shadow Step       |       |     1 ||     1
    Use: Scroll            |     2 |     8 ||    10
         Potion            |     3 |     2 ||     5
 Armour: Robe              |     6 |       ||     6
         Chain mail        |   113 |   203 ||   316
  Dodge: Dodged            |    49 |   108 ||   157

Table legend: (Time is in decaauts)
 A = Elapsed time spent in this place.
 B = Non-inter-level travel time spent in this place.
 C = Inter-level travel time spent in this place.
 D = Time resting spent in this place.
 E = Time spent auto-exploring this place.
 F = Levels seen in this place.
 G = Mean time per level.
                   A        B        C        D        E       F      G
               +--------+--------+--------+--------+--------+-----+--------+
         Total |   3659 |   3374 |    285 |      0 |   1867 |   5 |  731.8 |
       Dungeon |   3659 |   3374 |    285 |      0 |   1867 |   5 |  731.8 |
               +--------+--------+--------+--------+--------+-----+--------+

Top non-repeatable levels by time:
     D:1: 1172 daAuts
     D:3: 938 daAuts
     D:4: 863 daAuts
     D:2: 543 daAuts
     D:5: 141 daAuts
